 Dungeon Crawl Stone Soup version 0.26-a0-720-g2a1d101370 (console) character file.

Game seed: 10015068839253455413

520 om the Covered (level 7, 0/62 HPs)
             Began as a Deep Dwarf Fighter on Nov 2, 2020.
             Slain by an ogre
             ... wielding a +0 giant spiked club
              (16 damage)
             ... on level 4 of the Dungeon.
             The game lasted 00:09:56 (2365 turns).

om the Covered (Deep Dwarf Fighter)                 Turns: 2365, Time: 00:09:56

Health: 0/62       AC: 10    Str: 21    XL:     7   Next: 1%
Magic:  6/6        EV: 10    Int:  9    God:
Gold:   179        SH: 17    Dex: 12    Spells: 6/6 levels left

rFire    . . .     SeeInvis .   a - +0 war axe
rCold    . . .     Faith    .   f - +2 kite shield
rNeg     + . .     Spirit   .   b - +0 scale mail
rPois    .         Reflect  +   (no helmet)
rElec    .         Harm     .   (no cloak)
rCorr    .         Rampage  .   (no gloves)
MR       +....                  m - +2 pair of boots
Stlth    ..........             p - amulet of reflection
HPRegen  0.00/turn              j - ring of attention (curse)
MPRegen  0.10/turn              k - ring of positive energy

@: non-regenerating
A: damage resistance, heal wounds, sense surroundings 1, no regeneration
a: Heal Wounds


You were on level 4 of the Dungeon.
You visited 1 branch of the dungeon, and saw 4 of its levels.

You collected 179 gold pieces.

Inventory:

Hand Weapons
 a - a +0 war axe (weapon)
Armour
 b - a +0 scale mail (worn)
 f - a +2 kite shield (worn)
 m - a +2 pair of boots (worn)
Jewellery
 h - an uncursed amulet of guardian spirit
 j - a cursed ring of attention (left hand)
 k - a ring of positive energy (right hand)
 p - an amulet of reflection (around neck)
Wands
 l - a wand of polymorph (5)
Scrolls
 c - a scroll of blinking {unknown}
 g - a scroll of amnesia
 i - 3 scrolls of remove curse {unknown}
 q - a scroll of teleportation
 r - a scroll of fear {unknown}
 u - a scroll of noise {unknown}
 v - a scroll of fog
Potions
 d - 2 potions of might
 e - a potion of stabbing
 n - 2 potions of haste
 o - a potion of flight
 s - 2 potions of curing
 t - 2 potions of mutation
 w - a potion of ambrosia {unknown}


   Skills:
 - Level 3.0 Fighting
 + Level 4.0 Axes
 - Level 5.0 Armour
 * Level 4.7 Dodging
 + Level 4.8 Shields


You had 6 spell levels left.
You didn't know any spells.
Your spell library contained the following spells:

 Spells                   Type           Power        Failure   Level
 Animate Skeleton         Necr           #.....       98%         1
 Pain                     Necr           #...         98%         1
 Vampiric Draining        Necr           #.........   100%        3
 Animate Dead             Necr           #.........   100%        4
 Agony                    Necr           #.......     100%        5


Dungeon Overview and Level Annotations

Branches:
Dungeon (4/15)
 Temple: D:4-7

Altars:
Ashenzari
Elyvilon
Xom


Innate Abilities, Weirdness & Mutations

You are resistant to damage.
You can heal yourself by infusing magical energy.
You passively map a small area around you.
You do not regenerate.


Message History

Found two shimmering altars of Xom.
There is a fountain of clear blue water here.
Found a shimmering altar of Xom.
There is a shimmering altar of Xom here.
There is a shimmering altar of Xom here.
There is a fountain of clear blue water here.
An ogre comes into view. It is wielding a +0 giant spiked club.
The ogre shouts!
You are too injured to fight recklessly!
You hit the ogre.
The ogre is lightly wounded.
You block the ogre's attack.
You slash the ogre!
The ogre is severely wounded.
The ogre hits you with a +0 giant spiked club!
* * * LOW HITPOINT WARNING * * *
You barely miss the ogre.
The ogre is severely wounded.
The ogre hits you with a +0 giant spiked club!!
You die...

#...# * *
#..## *
#.## *,,
#.# * #.# ,
#.# * ##
#.# * ..
#.# * .# ,
#.# * .. ,,
#.#####.#.#
*
#....@O...#
*,*
#..####.###
, * #..# #
,, .....,
####.## * *
, , ..#
*### *


You could see an ogre.

Vanquished Creatures
  Grinder (D:3)
  An orc wizard (D:3)
  2 hounds (D:4)
  An orc priest (D:3)
  Ijyb (D:3)
  Terence (D:3)
  A worker ant (D:4)
  3 gnolls (D:3)
  An adder (D:3)
  A worm (D:3)
  A dart slug (D:2)
  2 leopard geckos (D:1)
  4 orcs (D:3)
  10 bats
  4 giant cockroaches
  12 goblins
  17 hobgoblins
  4 jackals (D:3)
  6 kobolds
  2 quokkas
  2 ball pythons (D:1)
  A frilled lizard (D:3)
  6 rats
84 creatures vanquished.

Notes
Turn   | Place    | Note
-------+----------+-------------------------------------------
     0 | D:1      | om the Deep Dwarf Fighter began the quest for the Orb.
     0 | D:1      | Reached XP level 1. HP: 20/20 MP: 1/1
   171 | D:1      | Reached XP level 2. HP: 25/27 MP: 2/2
   251 | D:1      | Reached skill level 1 in Dodging
   347 | D:1      | Reached XP level 3. HP: 33/33 MP: 2/2
  1358 | D:3      | Noticed Terence
  1374 | D:3      | Killed Terence
  1374 | D:3      | Reached skill level 4 in Armour
  1374 | D:3      | Reached XP level 4. HP: 40/40 MP: 3/3
  1390 | D:3      | Noticed Grinder
  1428 | D:3      | Paralysed by Grinder for 3 turns
  1432 | D:3      | Killed Grinder
  1432 | D:3      | Reached skill level 5 in Armour
  1432 | D:3      | Reached XP level 5. HP: 35/49 MP: 4/4
  1432 | D:3      | Reached XP level 6. HP: 41/56 MP: 5/5
  1455 | D:3      | Found a broken altar of Ashenzari.
  1671 | D:3      | Found a white marble altar of Elyvilon.
  1672 | D:3      | Noticed Ijyb
  1715 | D:3      | Killed Ijyb
  2122 | D:4      | Noticed Robin
  2140 | D:4      | Noticed Robin
  2140 | D:4      | Robin changed into Robin the quokka
  2145 | D:4      | Killed Robin the quokka
  2333 | D:4      | Reached XP level 7. HP: 26/62 MP: 6/6
  2338 | D:4      | Found a shimmering altar of Xom.
  2338 | D:4      | Found a shimmering altar of Xom.
  2339 | D:4      | Found a shimmering altar of Xom.
  2339 | D:4      | Found a shimmering altar of Xom.
  2340 | D:4      | Found a shimmering altar of Xom.
  2365 | D:4      | Slain by an ogre

Illustrated notes

Levels and vault maps discovered:
D:1:      dpeg_arrival_arbitrary_c, layout_loops_cross,
          hangedman_decor_peaks_small, minmay_door_square, kennysheep_boxes
D:2:      minmay_alternating_diamond, layout_loops_cross
D:3:      layout_loops_ring, nicolae_ashenzari_panopticon, old_standard_altar,
          uniq_grinder, uniq_terence, uniq_ijyb
D:4:      layout_loops_ring, xom_redecorated,
          chequers_temple_overflow_statue_of_worship, uniq_robin

Skill      XL: |  1  2  3  4  5  6 |
---------------+-------------------+-----
Dodging        | 1 2 3 4 |  4.7
Armour         | 4 5 |  5.0
Fighting       | 3 |  3.0
Axes           | 3 4 |  4.0
Shields        | 4 |  4.8

Action                   |  1- 3 |  4- 6 |  7- 9 || total
-------------------------+-------+-------+-------++-------
Melee: War axe           |   107 |   146 |     3 ||   256
       Unarmed           |       |     2 |       ||     2
 Abil: Heal Wounds       |     1 |     1 |       ||     2
Evoke: Wand              |       |     1 |       ||     1
  Use: Scroll            |     3 |     4 |       ||     7
Armor: Scale mail        |    49 |    43 |       ||    92
       Skin              |       |     1 |       ||     1
Dodge: Dodged            |    59 |    34 |       ||    93
Block: Kite shield       |    80 |   141 |     1 ||   222
       Reflection        |       |     1 |       ||     1

Table legend: (Time is in decaauts)
 A = Elapsed time spent in this place.
 B = Non-inter-level travel time spent in this place.
 C = Inter-level travel time spent in this place.
 D = Time resting spent in this place.
 E = Time spent auto-exploring this place.
 F = Levels seen in this place.
 G = Mean time per level.
                   A        B        C        D        E       F      G
               +--------+--------+--------+--------+--------+-----+--------+
         Total |   2471 |   2409 |     62 |    116 |   1621 |   4 |  617.8 |
       Dungeon |   2471 |   2409 |     62 |    116 |   1621 |   4 |  617.8 |
               +--------+--------+--------+--------+--------+-----+--------+

Top non-repeatable levels by time:
     D:3: 799 daAuts
     D:1: 709 daAuts
     D:2: 679 daAuts
     D:4: 283 daAuts
